 Dungeon Crawl Stone Soup version 0.28.0-43-g3370ac3207 (webtiles) character file.

Game seed: 12137951659175903308

2531 jimonade the Archer (level 9, -1/66 HPs)
             Began as a Gnoll Wanderer on Mar 13, 2022.
             Was a Follower of Ashenzari.
             Slain by a tengu warrior
             ... wielding a +0 great sword
              (16 damage)
             ... on level 8 of the Dungeon.
             The game lasted 00:22:13 (7737 turns).

jimonade the Archer (Gnoll Wanderer)                Turns: 7737, Time: 00:22:13

Health: -1/66      AC: 13    Str: 18    XL:     9   Next: 55%
Magic:  25/25      EV:  9    Int: 15    God:    Ashenzari [*.....]
Gold:   290        SH:  0    Dex: 12    Spells: 17/18 levels left

rFire   . . .      SeeInvis .   a - +2 shortbow "Planets of the Sky" {venom, Evo, Alch} (curse)
rCold   . . .      Faith    .   (shield currently unavailable)
rNeg    . . .      Spirit   .   n - +0 chain mail
rPois   .          Reflect  .   m - +0 helmet
rElec   .          Harm     .   B - +1 cloak
rCorr   .          Rampage  .   (no gloves)
Will    .....                   (no boots)
Stlth   ..........              h - amulet of regeneration
HPRegen 1.01/turn               A - +6 ring of strength
MPRegen 0.19/turn               D - ring of magical power

@: no status effects
A: fangs 1, strong nose, distributed training
a: Renounce Religion, Curse Item, Shatter the Chains


You were on level 8 of the Dungeon.
You worshipped Ashenzari.
Ashenzari was aware of your devotion.
You visited 2 branches of the dungeon, and saw 9 of its levels.

You collected 290 gold pieces.

Inventory:

Hand Weapons
 a - the cursed +2 shortbow "Planets of the Sky" (weapon) {venom, Evo, Alch} Any ammunition fired from it poisons the flesh of those it strikes. It has a curse which improves the following skills: Evocations: Evocations. Alchemy: Poison Magic and Transmutations.
 i - a +0 spear
 o - a +0 short sword
 J - a +0 hand axe of venom
Missiles
 b - 106 arrows (quivered ammo)
 f - 258 stones
 k - 3 throwing nets
 p - 69 sling bullets
 z - 27 poisoned darts
 K - 14 bolts
Armour
 c - a +0 cloak
 d - a +0 robe
 e - a +0 leather armour
 m - a +0 helmet (worn)
 n - a +0 chain mail (worn)
 v - a +0 chain mail
 y - the +1 pair of gloves of Pigigoc {-Cast Harm *Corrode Stlth+}
   (You found it on level 4 of the Dungeon)

   -Cast:     It prevents spellcasting.
   *Corrode:  It may corrode you when you take damage.
   Harm:      It increases damage dealt and taken.
   Stlth:     It makes you more stealthy.
 B - a +1 cloak (worn)
 I - a +0 robe of the Archmagi
Magical Staves
 l - a staff of conjuration
Jewellery
 h - an amulet of regeneration (around neck)
 A - a +6 ring of strength (left hand)
 D - a ring of magical power (right hand)
 O - a ring of positive energy
Wands
 w - a wand of iceblast (6)
 L - a wand of flame (77)
Scrolls
 j - 4 scrolls of teleportation
 r - a scroll of fog
 s - 2 scrolls of identify
 t - 3 scrolls of fear
 C - 3 scrolls of silence
 F - a scroll of magic mapping
 G - a scroll of blinking
 H - a scroll of enchant weapon
 N - a scroll of brand weapon
Potions
 g - a potion of brilliance
 q - 2 potions of mutation
 u - 2 potions of degeneration
 x - 4 potions of heal wounds
 E - a potion of lignification
 M - a potion of curing
 P - a potion of magic


   Skills:
 + Level 4.3 Fighting
 + Level 4.3 Short Blades
 + Level 4.3 Long Blades
 + Level 4.3 Axes
 + Level 4.3 Maces & Flails
 + Level 4.3 Polearms
 + Level 4.3 Staves
 + Level 4.3 Slings
 + Level 9.6 Bows
 + Level 4.3 Crossbows
 + Level 4.3 Throwing
 + Level 5.1 Armour
 + Level 7.9 Dodging
 + Level 4.3 Stealth
 + Level 4.3 Shields
 + Level 4.3 Unarmed Combat
 + Level 5.2 Spellcasting
 + Level 4.2 Conjurations
 + Level 3.6 Hexes
 + Level 3.6 Summonings
 + Level 3.6 Necromancy
 + Level 3.6 Translocations
 + Level 3.6(4.3) Transmutations
 + Level 3.6 Fire Magic
 + Level 3.6 Ice Magic
 + Level 3.6 Air Magic
 + Level 3.6 Earth Magic
 + Level 3.6(4.3) Poison Magic
 + Level 4.8 Invocations
 + Level 4.3(5.1) Evocations


You had 17 spell levels left.
You knew the following spells:

 Your Spells              Type           Power      Damage    Failure   Level
a - Shock                 Conj/Air       60%        1d6       36%         1

Your spell library contained the following spells:

 Spells                   Type           Power      Damage    Failure   Level
 Ignite Poison            Fire/Tmut/Pois 16%        N/A       71%         3
 Conjure Flame            Conj/Fire      15%        6-21      75%         3
 Dazzling Flash           Conj/Hex       30%        N/A       75%         3
 Swiftness                Air            14%        N/A       77%         3
 Sticky Flame             Conj/Fire      15%        2d4       98%         4
 Airstrike                Air            7%         N/A       99%         4


Dungeon Overview and Level Annotations

Branches:
Dungeon (8/15)             Temple (1/1) D:4
   Lair: D:8-11

Altars:
Ashenzari
Dithmenos
Fedhas
Gozag
Hepliaklqana
Kikubaaqudgha
Makhleb
Nemelex Xobeh
Qazlal
Ru
Sif Muna
Trog
Uskayaw
Vehumet
Xom
The Shining One

Annotations:
D:8 2 runed translucent doors


Innate Abilities, Weirdness & Mutations

You have very sharp teeth.
Your uncanny sense of smell can sniff out nearby items.
Your experience applies equally to all skills.


Message History

You shoot an arrow. The arrow hits the tengu warrior.
The tengu warrior looks as sick as possible!
The tengu warrior is moderately wounded.
You shoot an arrow.
The arrow barely misses the tengu warrior.
The tengu warrior hits you with a +0 great sword.
The tengu warrior pecks you but does no damage.
The tengu warrior claws you.
You shoot an arrow. The arrow hits the tengu warrior.
The tengu warrior looks as sick as possible!
The tengu warrior is heavily wounded.
The tengu warrior closely misses you. The tengu warrior pecks you.
The tengu warrior completely misses you.
You shoot an arrow. The arrow hits the tengu warrior.
The tengu warrior looks as sick as possible!
The tengu warrior is heavily wounded.
The tengu warrior hits you with a +0 great sword.
The tengu warrior closely misses you. The tengu warrior claws you.
You are too injured to fight recklessly!
You are too injured to fight recklessly!
You are too injured to fight recklessly!
Fire: 108 arrows
Press: ? - help, Q - select action, (/) - cycle Shift-Dir - straight line, f/p - tengu warrior
Aim: a tengu warrior, wielding a +0 great sword and wearing a +0 leather armour (heavily wounded, extremely poisoned, 45% to hit)
You shoot an arrow. The arrow hits the tengu warrior.
The tengu warrior looks as sick as possible!
The tengu warrior is severely wounded.
The tengu warrior hits you with a +0 great sword!
* * * LOW HITPOINT WARNING * * *
The tengu warrior pecks you.
* * * LOW HITPOINT WARNING * * *
The tengu warrior barely misses you.
Fire: 107 arrows
Press: ? - help, Q - select action, (/) - cycle Shift-Dir - straight line, f/p - tengu warrior
Aim: a tengu warrior, wielding a +0 great sword and wearing a +0 leather armour (severely wounded, extremely poisoned, 45% to hit)
You shoot an arrow. The arrow hits the tengu warrior!
The tengu warrior looks as sick as possible!
The tengu warrior is almost dead.
The tengu warrior hits you with a +0 great sword!
You die...

..##... ....#.#..#...
######.##..# .... #...#.##....#
#.......#..# #..# #...#........
#.....[.#..# #..# #...##..._...
#..........# #..# #....+....)).
###........# #..# #.#.##.....#)
#........####++####...##...#...
#..........8#..#8.....##...#.##
#.....((...'.Q@.+..†#...#+.#)#
#######>...8####8...###.#..#.#
#.............# #.#....##
#.##.##..##.#.# #.#......
#.##....###.#.# #.##.P.##
#.#####.# #.#.. #.##.P.# #.#
#.# #.##.##.#..P.# #.. ..# #..
.##.##.P.## ### ### ###
###.##.....


You could see a tengu warrior (extremely poisoned).

Vanquished Creatures
  Maggie (D:6)
  A water moccasin (D:3)
  An orc warrior (D:8)
  An ice beast (D:6)
  4 necrophages
  A sky beast (D:3)
  3 black bears
  An ogre (D:7)
  A kobold brigand (D:8)
  2 bullfrogs
  A water moccasin zombie (D:5)
  2 centaur zombies
  3 jellies
  A gnoll shaman (D:6)
  5 orc priests
  2 hounds
  2 iguanas
  A scorpion zombie (D:5)
  6 orc wizards
  A hound skeleton (D:4)
  6 adders
  5 gnolls (D:6)
  A howler monkey skeleton (D:7)
  A white imp (D:6)
  2 dart slugs (D:1)
  35 orcs
  5 bats
  12 endoplasms
  A giant cockroach (D:3)
  10 hobgoblins
  16 kobolds
  A quokka (D:3)
  5 ball pythons
  2 frilled lizards (D:3)
  6 goblins
  A rat (D:1)
149 creatures vanquished.

Vanquished Creatures (others)
  An orc wizard (D:6)
  7 plants
8 creatures vanquished.

Grand Total: 157 creatures vanquished

Notes
Turn   | Place    | Note
-------+----------+-------------------------------------------
     0 | D:1      | jimonade the Gnoll Wanderer began the quest for the Orb.
     0 | D:1      | jimonade set off with the following items: a +2 shortbow,
                  | 26 arrows, a +0 cloak, a +0 robe; and the following spell
                  | memorised: Shock; and the following spells available to
                  | memorise: Dazzling Flash
     0 | D:1      | Reached XP level 1. HP: 13/13 MP: 4/4
   178 | D:1      | Reached XP level 2. HP: 20/20 MP: 5/5
   934 | D:1      | Reached XP level 3. HP: 25/25 MP: 7/7
  1349 | D:2      | Found a faded altar of an unknown god.
  1555 | D:2      | Reached skill level 1 in Invocations
  1590 | D:2      | Reached skill level 1 in Fighting
  1590 | D:2      | Reached skill level 1 in Short Blades
  1590 | D:2      | Reached skill level 1 in Long Blades
  1590 | D:2      | Reached skill level 1 in Axes
  1590 | D:2      | Reached skill level 1 in Maces & Flails
  1590 | D:2      | Reached skill level 1 in Polearms
  1590 | D:2      | Reached skill level 1 in Staves
  1590 | D:2      | Reached skill level 1 in Slings
  1590 | D:2      | Reached skill level 1 in Crossbows
  1590 | D:2      | Reached skill level 1 in Throwing
  1590 | D:2      | Reached skill level 1 in Stealth
  1590 | D:2      | Reached skill level 1 in Shields
  1590 | D:2      | Reached skill level 1 in Unarmed Combat
  1590 | D:2      | Reached skill level 1 in Evocations
  1760 | D:2      | Reached XP level 4. HP: 32/32 MP: 8/8
  1895 | D:3      | Noticed a water moccasin
  1905 | D:3      | Killed a water moccasin
  1906 | D:3      | Reached skill level 1 in Hexes
  1906 | D:3      | Reached skill level 1 in Summonings
  1906 | D:3      | Reached skill level 1 in Necromancy
  1906 | D:3      | Reached skill level 1 in Translocations
  1906 | D:3      | Reached skill level 1 in Transmutations
  1906 | D:3      | Reached skill level 1 in Fire Magic
  1906 | D:3      | Reached skill level 1 in Ice Magic
  1906 | D:3      | Reached skill level 1 in Air Magic
  1906 | D:3      | Reached skill level 1 in Earth Magic
  1906 | D:3      | Reached skill level 1 in Poison Magic
  1906 | D:3      | Reached XP level 5. HP: 34/37 MP: 9/9
  2035 | D:3      | Noticed a sky beast
  2043 | D:3      | Killed a sky beast
  2044 | D:3      | Reached XP level 6. HP: 32/44 MP: 9/11
  3095 | D:4      | Noticed a necrophage
  3101 | D:4      | Killed a necrophage
  3102 | D:4      | Reached XP level 7. HP: 50/50 MP: 12/12
  3377 | D:4      | Found a staircase to the Ecumenical Temple.
  3409 | D:4      | Found a shimmering blue altar of Sif Muna.
  3471 | D:4      | Reached skill level 9 in Bows
  3512 | D:5      | Entered Level 5 of the Dungeon
  4511 | D:4      | Identified the +1 pair of gloves of Pigigoc {-Cast Harm
                  | *Corrode Stlth+}
  4583 | Temple   | Entered the Ecumenical Temple
  4663 | Temple   | Became a worshipper of Ashenzari the Shackled
  4753 | D:5      | Reached XP level 8. HP: 57/57 MP: 14/14
  6698 | D:6      | Noticed Maggie
  6708 | D:6      | Killed Maggie
  6709 | D:6      | Reached XP level 9. HP: 65/65 MP: 16/16
  6836 | D:6      | Found a hide-covered altar of Uskayaw.
  6880 | D:6      | Reached * piety under Ashenzari
  7026 | D:7      | Reached skill level 5 in Spellcasting
  7239 | D:7      | Reached skill level 5 in Armour
  7565 | D:8      | Found a radiant altar of Vehumet.
  7685 | D:8      | Found a large runed translucent door.
  7687 | D:8      | Found a large runed translucent door.
  7710 | D:8      | Noticed a tengu warrior
  7737 | D:8      | Slain by a tengu warrior

Illustrated notes

Levels and vault maps discovered:
D:1:      nicolae_arrival_somewhat_less_tricky_arrival, layout_basic,
          serial_forest, infiniplex_forest_straight_4, infiniplex_forest_end_3,
          infiniplex_forest_straight_1, infiniplex_forest_lined_1,
          infiniplex_forest_clump_small, infiniplex_forest_lined_1
D:2:      layout_rooms, dilly_ecumenical_altar_fadedgnrine
D:3:      layout_basic, serial_forest, infiniplex_forest_end_2,
          infiniplex_forest_lined_room_2, infiniplex_forest_clump_curved,
          infiniplex_forest_lined_room_2, infiniplex_forest_clump_small,
          infiniplex_forest_clump_large, infiniplex_forest_clump_small,
          infiniplex_forest_clump_small
D:4:      layout_rooms, led_sif_pool, minmay_temple_entry_butterflies,
          grunt_ministairs_14, serial_bayou_crossing
D:5:      layout_cave_pools
D:6:      layout_loops_corners, kennysheep_mini_moat, kennysheep_generic_room_7,
          uniq_maggie
D:7:      layout_basic, minivault_11
D:8:      layout_basic, jmf_multi_god_temple2, mainiacjoe_overflow_boulevard,
          gammafunk_temple_overflow_forgotten, nicolae_ossuary_entry_giza
Temple:   dshaligram_water_room_temple

Skill      XL: |  1  2  3  4  5  6  7  8  9 |
---------------+----------------------------+-----
Conjurations   | 2 3 4 |  4.2
Invocations    | 1 2 3 4 |  4.8
Fighting       | 1 2 3 4 |  4.3
Short Blades   | 1 2 3 4 |  4.3
Long Blades    | 1 2 3 4 |  4.3
Axes           | 1 2 3 4 |  4.3
Maces & Flails | 1 2 3 4 |  4.3
Polearms       | 1 2 3 4 |  4.3
Staves         | 1 2 3 4 |  4.3
Slings         | 1 2 3 4 |  4.3
Crossbows      | 1 2 3 4 |  4.3
Throwing       | 1 2 3 4 |  4.3
Stealth        | 1 2 3 4 |  4.3
Shields        | 1 2 3 4 |  4.3
Unarmed Combat | 1 2 3 4 |  4.3
Evocations     | 1 2 3 4 |  4.3
Armour         | 3 4 5 |  5.1
Spellcasting   | 3 4 5 |  5.2
Hexes          | 1 2 3 |  3.6
Summonings     | 1 2 3 |  3.6
Necromancy     | 1 2 3 |  3.6
Translocations | 1 2 3 |  3.6
Transmutations | 1 2 3 |  3.6
Fire Magic     | 1 2 3 |  3.6
Ice Magic      | 1 2 3 |  3.6
Air Magic      | 1 2 3 |  3.6
Earth Magic    | 1 2 3 |  3.6
Poison Magic   | 1 2 3 |  3.6
Dodging        | 7 |  7.9
Bows           | 9 |  9.6

Action                   |  1- 3 |  4- 6 |  7- 9 || total
-------------------------+-------+-------+-------++-------
Melee: Short sword       |       |       |    50 ||    50
       Bite              |       |       |     5 ||     5
 Fire: Shortbow          |    77 |    93 |   353 ||   523
Invok: Curse Item        |       |       |     1 ||     1
  Use: Scroll            |     4 |       |     7 ||    11
Armor: Leather armour    |     5 |       |       ||     5
       Chain mail        |    13 |    14 |   114 ||   141
Dodge: Dodged            |    22 |     9 |    61 ||    92
